Map: Tritão LE

Players

LuckyOwl - Winner!

  • Race: Protoss Protoss
  • League: Diamond
  • Spawn Location: 11:00

LowLinK

  • Race: Protoss Protoss
  • League: Diamond
  • Spawn Location: 5:00

VOD

Have the link to the VOD?

Description

Time

  • Played on: Feb. 17, 2020, 10:21 a.m.
  • Length: 11:48
Show
View Real Time Build Order
Export as new Build Order

LuckyOwl Protoss - Winner!

Build Orders:  

Get SALT Encoding   

  12  0:01  Probe  
  13  0:13  Probe  
  14  0:18  Pylon  
  14  0:25  Probe  
  15  0:36  Gateway  
  15  0:38  Probe  
  16  0:47  Assimilator  
  16  0:50  Probe (Chrono Boost)  
  17  0:59  Probe (Chrono Boost)  
  18  1:04  Probe (Chrono Boost), Gateway  
  19  1:16  Probe  
  20  1:24  Cybernetics Core  
  20  1:34  Probe  
  20  1:37  Assimilator  
  20  1:39  Pylon  
  22  1:47  Probe  
  22  2:00  Stalker  
  22  2:01  Stalker  
  26  2:05  Warp Gate  
  26  2:17  Probe  
  27  2:30  Gateway  
  27  2:32  Adept  
  27  2:33  Adept  
  31  2:38  Pylon  
  31  2:56  Probe  
  31  2:58  Robotics Facility  
  32  3:03  Pylon  
  32  3:16  Stalker x2  
  36  3:46  Immortal  
  40  4:04  Probe  
  41  4:16  Probe  
  40  4:20  Sentry x2  
  40  4:21  Stalker  
  44  4:33  Pylon  
  44  4:47  Nexus, Stalker  
  44  4:51  Immortal (Chrono Boost)  
  44  5:01  Stalker  
  44  5:02  Stalker  
  46  5:14  Pylon  
  46  5:19  Pylon  
  44  5:35  Pylon  
  43  5:37  Pylon  
  42  5:57  Immortal (Chrono Boost)  
  46  6:08  Shield Battery  
  46  6:09  Stalker  
  46  6:10  Stalker  
  50  6:22  Sentry  
  46  6:44  Stalker  
  48  6:59  Nexus  
  48  7:01  Pylon  
  48  7:03  Warp Prism (Chrono Boost), Stalker  
  52  7:13  Stalker  
  54  7:15  Probe  
  55  7:32  Immortal (Chrono Boost)  
  59  7:43  Stalker  
  61  7:58  Probe  
  62  8:16  Stalker x3  
  62  8:19  Observer (Chrono Boost)  
  69  8:23  Probe  
  70  8:35  Probe x2  
  72  8:53  Stalker x3  
  78  8:56  Probe  
  78  8:57  Probe  
  78  9:00  Assimilator  
  80  9:08  Probe  
  80  9:09  Immortal (Chrono Boost)  
  85  9:19  Assimilator  
  85  9:30  Sentry  
  87  9:37  Stalker x2  
  91  9:40  Probe x2  
  93  9:52  Probe  
  94  9:59  Pylon  
  94  10:01  Pylon  
  94  10:08  Probe  
  87  10:29  Immortal  
  87  10:32  Stalker  
  87  10:33  Stalker  
  83  10:53  Stalker  
  85  11:08  Warp Prism (Chrono Boost)  
  85  11:15  Stalker x2  
  85  11:17  Stalker  
  93  11:23  Probe x2  
  95  11:35  Probe x2, Nexus  
  95  11:38  Pylon  
  95  11:39  Assimilator  
  97  11:41  Pylon  
  97  11:44  Assimilator  
Show
View Real Time Build Order
Export as new Build Order

LowLinK Protoss 

Build Orders:  

Get SALT Encoding   

  12  0:01  Probe  
  13  0:13  Probe  
  14  0:17  Pylon  
  14  0:25  Probe  
  15  0:36  Gateway  
  15  0:38  Probe (Chrono Boost)  
  16  0:47  Probe (Chrono Boost)  
  16  0:48  Assimilator  
  17  0:52  Probe (Chrono Boost)  
  17  0:54  Assimilator  
  18  1:04  Probe  
  18  1:07  Pylon  
  19  1:16  Probe  
  20  1:24  Cybernetics Core  
  20  1:29  Probe  
  21  1:41  Probe  
  22  1:53  Probe  
  23  1:58  Warp Gate (Chrono Boost)  
  23  2:05  Stalker  
  25  2:10  Pylon  
  25  2:14  Gateway  
  25  2:16  Gateway  
  25  2:20  Gateway  
  25  2:29  Gateway  
  25  2:47  Sentry  
  25  3:32  Stalker x4  
  25  3:33  Stalker  
  35  3:54  Pylon  
  35  3:56  Stalker x2  
  36  4:05  Stalker x2  
  34  4:18  Probe  
  34  4:22  Stalker  
  37  4:25  Sentry  
  37  4:30  Probe  
  40  4:40  Stalker  
  40  4:42  Probe  
  40  4:44  Adept  
  45  4:54  Probe  
  42  5:00  Stalker  
  42  5:03  Adept  
  34  5:37  Stalker  
  34  5:38  Stalker x2  
  40  5:54  Stalker  
  40  5:55  Zealot  
  42  6:12  Stalker x2  
  42  6:17  Pylon  
  32  6:43  Stalker x2  
  34  6:48  Zealot x3  
  34  6:52  Probe  
  41  7:06  Stalker  
  43  7:09  Adept  
  45  7:16  Adept  
  45  7:22  Sentry  
  49  7:31  Stalker  
  49  7:37  Zealot  
  53  7:45  Stalker  
  55  7:56  Pylon  
  55  8:10  Probe  
  54  8:13  Pylon  
  54  8:17  Stalker  
  54  8:33  Stalker x2  
  58  8:37  Sentry  
  60  8:46  Adept  
  62  8:53  Adept  
  64  9:25  Nexus  
  64  9:31  Sentry x2  
  68  9:50  Pylon  
  68  9:51  Probe  
  69  9:58  Stalker  
  71  10:06  Probe  
  63  10:24  Stalker x2  
  63  10:29  Stalker  
  49  10:45  Stalker  
  31  10:56  Stalker  
  31  10:57  Stalker  
  31  10:58  Sentry  
  31  11:02  Probe  
  34  11:11  Stalker  
  34  11:14  Probe  
  37  11:20  Probe  
  37  11:24  Sentry  
  40  11:31  Stalker  
Tags
 
Add a new tag
Caveats
  • Supply blocks, unpowered buildings, or Contaminate may cause inaccurate times.
  • Supply counts are checked every 10 seconds.